Map: Blackburn LE

Players

Scarlett - Winner!

  • Race: Zerg Zerg

Nina

  • Race: Protoss Protoss

Event: DreamHack SC2 Masters 2021 Winter

VOD

Have the link to the VOD?

Description

Time

  • Played on: Oct. 13, 2021, 3:16 p.m.
  • Length: 10:42

All games in this series

Show
View Real Time Build Order
Export as new Build Order

Scarlett Zerg - Winner!

Build Orders: Hatch First 

Get SALT Encoding   

  12  0:00  Drone  
  13  0:12  Overlord  
  13  0:16  Drone  
  14  0:30  Drone x2  
  16  0:47  Hatchery  
  15  0:51  Drone  
  15  0:55  Drone  
  17  0:57  Drone  
  18  1:08  Extractor  
  17  1:13  Spawning Pool  
  17  1:17  Drone  
  17  1:20  Drone  
  18  1:27  Drone  
  19  1:39  Drone  
  20  1:49  Drone  
  21  2:00  Zergling x2, Queen x2  
  26  2:01  Overlord  
  26  2:10  Drone x2  
  26  2:12  Metabolic Boost  
  28  2:22  Drone x2  
  30  2:34  Hatchery  
  29  2:40  Drone x2  
  31  2:45  Queen  
  31  2:51  Overlord  
  33  2:54  Drone  
  33  2:55  Drone  
  33  2:58  Drone  
  36  3:03  Overlord  
  36  3:11  Drone  
  36  3:12  Drone x3  
  39  3:17  Queen  
  39  3:19  Overlord  
  41  3:21  Drone  
  41  3:25  Queen  
  44  3:29  Drone x2  
  46  3:35  Zergling x2  
  46  3:38  Zergling x2  
  48  3:46  Zergling x2  
  48  3:48  Queen  
  49  3:49  Drone x4  
  49  3:50  Spore Crawler  
  49  3:55  Drone x3  
  57  4:02  Overlord  
  57  4:04  Drone x3  
  57  4:07  Queen  
  62  4:11  Queen  
  62  4:15  Overlord  
  64  4:18  Drone  
  64  4:19  Drone  
  66  4:25  Drone x5  
  66  4:30  Roach Warren  
  69  4:32  Overlord  
  69  4:33  Zergling x2  
  70  4:39  Zergling x8  
  70  4:41  Extractor  
  70  4:42  Extractor  
  70  4:44  Zergling x2  
  70  4:45  Zergling x4  
  75  4:48  Overlord  
  75  4:54  Drone, Lair  
  75  4:55  Drone x3  
  79  5:01  Drone x2, Overlord  
  80  5:08  Drone x2, Overlord  
  83  5:14  Drone x6  
  83  5:18  Overlord, Extractor x2  
  86  5:24  Drone x4  
  85  5:35  Drone  
  85  5:36  Drone x3  
  85  5:38  Extractor  
  85  5:43  Drone x6  
  88  5:50  Drone x2  
  88  5:52  Queen x3  
  88  5:55  Hatchery  
  95  5:58  Drone  
  95  5:59  Drone x2, Evolution Chamber  
  95  6:01  Overseer  
  97  6:06  Drone x2  
  97  6:07  Glial Reconstitution  
  97  6:08  Overseer  
  99  6:12  Overlord  
  99  6:15  Roach x3  
  105  6:21  Roach x5  
  115  6:31  Queen x3  
  115  6:32  Zerg Missile Weapons Level 1  
  121  6:37  Spire  
  120  6:45  Drone x2  
  120  6:46  Overlord x4  
  119  6:55  Drone  
  119  7:00  Drone  
  119  7:04  Overlord x2  
  119  7:05  Overlord x2  
  119  7:06  Roach x3  
  125  7:11  Roach x5  
  134  7:22  Drone x3  
  137  7:23  Roach x5  
  137  7:26  Ravager x6  
  137  7:27  Ravager  
  151  7:32  Roach x3  
  157  7:38  Roach  
  157  7:39  Roach x4  
  157  7:44  Ravager x6  
  168  7:57  Corruptor x2  
  167  8:00  Drone x2  
  167  8:01  Drone x4, Extractor x2  
  167  8:02  Drone x2  
  173  8:10  Overseer x2  
  170  8:13  Zergling x22  
  176  8:26  Drone x6  
  168  8:35  Zerg Flyer Weapons Level 1  
  168  8:39  Hatchery  
  137  8:52  Corruptor x7  
  137  8:53  Corruptor  
  142  9:02  Drone x2  
  142  9:03  Drone  
  141  9:14  Overlord x2  
  141  9:15  Queen  
  147  9:20  Corruptor x3  
  147  9:23  Corruptor x2  
  153  9:26  Drone x2  
  153  9:30  Extractor  
  154  9:31  Extractor  
  154  9:32  Corruptor x2  
  154  9:35  Corruptor  
  159  9:40  Corruptor  
  159  9:43  Corruptor  
  159  9:44  Zergling x2  
  159  9:45  Zergling x14  
  171  9:55  Corruptor  
  171  9:56  Corruptor  
  171  9:58  Zergling x16  
  183  10:06  Roach x7  
  197  10:16  Roach  
  197  10:17  Zergling x2  
Show
View Real Time Build Order
Export as new Build Order

Nina Protoss 

Build Orders: 1 Gate Expand 

Get SALT Encoding   

  12  0:00  Probe  
  13  0:12  Probe  
  14  0:18  Pylon  
  14  0:24  Probe  
  15  0:36  Probe (Chrono Boost)  
  15  0:38  Gateway  
  16  0:48  Assimilator, Probe (Chrono Boost)  
  17  0:52  Probe (Chrono Boost)  
  18  1:03  Probe  
  19  1:15  Probe  
  20  1:27  Nexus  
  20  1:35  Cybernetics Core  
  20  1:39  Probe  
  21  1:47  Assimilator  
  21  1:51  Probe  
  22  1:56  Pylon  
  22  2:03  Probe  
  23  2:14  Adept  
  23  2:15  Probe (Chrono Boost)  
  26  2:21  Stargate  
  26  2:25  Probe (Chrono Boost)  
  27  2:30  Probe (Chrono Boost), Warp Gate  
  28  2:40  Probe (Chrono Boost)  
  28  2:42  Probe (Chrono Boost)  
  28  2:43  Adept  
  31  2:49  Probe x2 (Chrono Boost)  
  33  2:54  Probe (Chrono Boost)  
  33  2:56  Probe  
  35  3:01  Void Ray (Chrono Boost)  
  35  3:05  Probe  
  35  3:10  Probe  
  41  3:14  Pylon  
  41  3:18  Adept, Probe  
  44  3:22  Probe  
  45  3:30  Probe  
  45  3:31  Gateway  
  46  3:35  Probe  
  46  3:37  Assimilator  
  47  3:42  Probe  
  47  3:45  Void Ray (Chrono Boost)  
  47  3:47  Probe  
  49  3:53  Pylon  
  49  3:54  Probe  
  54  3:56  Assimilator  
  54  4:03  Pylon  
  54  4:11  Probe x2  
  54  4:12  Fleet Beacon  
  56  4:22  Zealot  
  56  4:23  Probe x2  
  60  4:32  Stargate  
  60  4:35  Probe  
  60  4:38  Probe  
  62  4:42  Nexus  
  62  4:45  Pylon  
  62  4:48  Probe  
  62  4:52  Probe  
  64  4:55  Tempest (Chrono Boost)  
  69  5:01  Probe  
  69  5:04  Pylon  
  70  5:11  Forge  
  70  5:12  Probe  
  71  5:15  Pylon  
  71  5:19  Tempest (Chrono Boost)  
  76  5:26  Shield Battery  
  76  5:34  Probe  
  77  5:36  Tempest (Chrono Boost)  
  77  5:38  Zealot  
  77  5:40  Zealot  
  85  5:48  Probe  
  83  5:53  Robotics Facility  
  83  5:54  Probe  
  83  5:56  Probe  
  84  5:59  Tempest (Chrono Boost)  
  84  6:01  Sentry  
  84  6:03  Sentry  
  84  6:04  Probe, Shield Battery  
  94  6:07  Probe  
  94  6:09  Probe  
  96  6:16  Probe, Pylon  
  96  6:18  Protoss Ground Weapons Level 1  
  97  6:19  Probe  
  97  6:21  Probe  
  97  6:24  Assimilator  
  99  6:26  Assimilator  
  99  6:28  Probe  
  99  6:31  Gateway  
  100  6:34  Gateway  
  100  6:35  Probe x2  
  102  6:41  Robotics Bay  
  102  6:42  Probe  
  103  6:50  Immortal  
  107  6:55  Probe  
  107  6:58  Zealot  
  107  6:59  Zealot  
  107  7:00  Probe  
  113  7:03  Photon Cannon  
  113  7:04  Photon Cannon, Probe  
  113  7:06  Shield Battery  
  114  7:13  Pylon x2  
  114  7:25  Pylon  
  114  7:27  Pylon  
  114  7:29  Twilight Council  
  114  7:30  Disruptor  
  114  7:31  Carrier  
  123  7:37  Probe  
  123  7:38  Probe  
  123  7:42  Pylon  
  123  7:43  Pylon  
  125  7:48  Void Ray  
  125  7:50  Probe  
  118  7:58  Zealot x4  
  122  8:05  Disruptor  
  118  8:13  Shield Battery  
  118  8:16  Photon Cannon, Probe  
  118  8:17  Photon Cannon  
  118  8:18  Zealot, Pylon  
  119  8:22  Zealot x3  
  106  8:40  Zealot  
  106  8:41  Probe, Disruptor  
  103  8:43  Zealot  
  103  8:44  Zealot x2  
  103  8:48  Void Ray x2 (Chrono Boost), Probe  
  90  9:03  Zealot  
  90  9:10  Templar Archives  
  90  9:16  Nexus  
  90  9:22  Pylon  
  90  9:26  Void Ray (Chrono Boost)  
  90  9:28  Observer (Chrono Boost)  
  95  9:32  Void Ray (Chrono Boost)  
  95  9:38  Shield Battery  
  99  9:47  High Templar x3  
  99  9:48  High Templar  
  99  9:51  Void Ray (Chrono Boost), Archon  
  99  9:52  Probe, Archon  
  112  10:20  Stalker x3  
  100  10:30  Probe  

Tags
 
Add a new tag
Caveats
  • Supply blocks, unpowered buildings, or Contaminate may cause inaccurate times.
  • Supply counts are checked every 10 seconds.